 Dungeon Crawl Stone Soup version 0.27.1-3-gb3d3a73c9e (webtiles) character file.

Game seed: 5459831606342502880

6568 Descartes the Zephyrmancer (level 10, -4/55 HPs)
             Began as a Deep Elf Air Elementalist on Oct 28, 2021.
             Was an Initiate of Gozag.
             Slain by a catoblepas (21 damage)
             ... in a Gauntlet.
             The game lasted 00:36:56 (15532 turns).

Descartes the Zephyrmancer (DEAE)                  Turns: 15532, Time: 00:36:57

Health: -4/55      AC: 15    Str: 11    XL:     10   Next: 70%
Magic:  1/21       EV: 15    Int: 24    God:    Gozag
Gold:   243        SH:  0    Dex: 17    Spells: 2/21 levels left

rFire    + . .     SeeInvis .   u - staff of fire
rCold    . . .     Faith    .   (no shield)
rNeg     . . .     Spirit   .   L - +0 acid dragon scales
rPois    .         Reflect  .   r - +2 hat
rElec    .         Harm     .   (no cloak)
rCorr    +         Rampage  .   m - +2 pair of gloves
Will     +....     NoTele   +   (no boots)
Stlth    ++++......             x - amulet of magic regeneration
HPRegen  0.18/turn              f - +4 ring of protection
MPRegen  0.42/turn              K - +6 ring of strength

@: unable to read
A: agile 1, robust 1, inability to read while threatened
a: Renounce Religion, Potion Petition, Call Merchant, Bribe Branch


You were in a Gauntlet.
You worshipped Gozag.
Gozag was aware of your devotion.
You visited 2 branches of the dungeon, and saw 12 of its levels.
You also visited: Gauntlet.

You collected 703 gold pieces.
You spent 313 gold pieces at shops.
You paid 147 gold pieces to Gozag.

Inventory:

Hand Weapons
 j - a +2 dagger of venom
 o - a +1 spear of venom
 y - a +0 shortbow
 z - the +7 spear "Isaijaem" {freeze, +Rage rN+ Int+2}
   (You found it on level 6 of the Dungeon)

   It freezes those it strikes, dealing additional cold damage.
   It can also slow down cold-blooded creatures.
   Int:       It affects your intelligence (+2).
   rN:        It protects you from negative energy.
   +Rage:     It lets you go berserk.
 G - a +1 morningstar of protection
Missiles
 b - 408 stones
 h - 281 arrows
 s - 4 throwing nets
 C - 11 javelins
Armour
 m - a +2 pair of gloves (worn)
 r - a +2 hat (worn)
 L - +0 acid dragon scales (worn)
Magical Staves
 u - a staff of fire (weapon)
Jewellery
 f - a +4 ring of protection (left hand)
 x - an amulet of magic regeneration (around neck)
 D - a ring of protection from cold
 K - a +6 ring of strength (right hand)
 M - an amulet of the acrobat
Wands
 a - a wand of iceblast (8)
 n - a wand of polymorph (4)
 w - a wand of flame (36)
 E - a wand of digging (6)
 F - a wand of paralysis (8)
Scrolls
 c - 3 scrolls of fear {unknown}
 i - 2 scrolls of noise {unknown}
 k - 2 scrolls of magic mapping
 l - a scroll of blinking {unknown}
 t - a scroll of summoning {unknown}
 v - 3 scrolls of teleportation
 B - a scroll of enchant armour {unknown}
 H - 2 scrolls of amnesia
 I - a scroll of holy word {unknown}
 N - a scroll of fog
 S - a scroll of immolation {unknown}
Potions
 d - a potion of berserk rage
 e - 5 potions of brilliance
 g - 2 potions of lignification
 p - a potion of might
 q - 4 potions of curing
 A - a potion of attraction
 J - 2 potions of haste
 O - 3 potions of degeneration
 Q - a potion of resistance
 R - a potion of mutation


   Skills:
 + Level 8.6 Dodging
 + Level 9.3 Stealth
 - Level 6.0 Spellcasting
 + Level 5.7 Conjurations
 + Level 11.6 Air Magic


You had 2 spell levels left.
You knew the following spells:

 Your Spells              Type           Power      Damage    Failure   Level
a - Shock                 Conj/Air       100%       1d9       1%          1
b - Airstrike             Air            29%        N/A       1%          4
c - Static Discharge      Conj/Air       48%        N/A       1%          2
d - Swiftness             Air            58%        N/A       1%          3
e - Ignite Poison         Fire/Tmut/Pois 10%        N/A       36%         3
f - Conjure Ball Lightni  Conj/Air       24%        3x3d7     47%         6

Your spell library contained the following spells:

 Spells                   Type           Power      Damage    Failure   Level
 Magic Dart               Conj           100%       1d8       1%          1
 Animate Skeleton         Necr           14%        N/A       12%         1
 Pain                     Necr           28%        1d5       12%         1
 Call Imp                 Summ           7%         N/A       19%         2
 Mephitic Cloud           Conj/Pois/Air  35%        N/A       3%          3
 Conjure Flame            Conj/Fire      31%        6-21      12%         3
 Stone Arrow              Conj/Erth      40%        3d9       12%         3
 Frozen Ramparts          Ice            14%        1d3       36%         3
 Gell's Gravitas          Tloc           3%         N/A       36%         3
 Lesser Beckoning         Tloc           3%         N/A       36%         3
 Portal Projectile        Hex/Tloc       14%        N/A       36%         3
 Teleport Other           Tloc           7%         N/A       36%         3
 Vampiric Draining        Necr           3%         2d6       36%         3
 Hailstorm                Conj/Ice       20%        3d6       36%         4
 Sticky Flame             Conj/Fire      31%        2d5       36%         4
 Animate Armour           Summ/Erth      14%        N/A       77%         4
 Ice Form                 Ice/Tmut       7%         N/A       77%         4
 Summon Ice Beast         Ice/Summ       7%         N/A       77%         4
 Blade Hands              Tmut           3%         N/A       98%         5
 Excruciating Wounds      Necr           3%         N/A       98%         5
 Simulacrum               Ice/Necr       3%         N/A       100%        6
 Discord                  Hex            3%         N/A       100%        8
 Disjunction              Tloc           3%         N/A       100%        8
 Lehudib's Crystal Spear  Conj/Erth      10%        10d4      100%        8


Dungeon Overview and Level Annotations

Branches:
Dungeon (11/15)            Temple (1/1) D:7            Lair (0/6) D:9
    Orc (0/2) D:9         Gauntlet (1/1)

Altars:
Ashenzari
Cheibriados
Dithmenos
Elyvilon
Fedhas
Gozag
Hepliaklqana
Kikubaaqudgha
Makhleb
Nemelex Xobeh
Okawaru
Qazlal
Ru
Sif Muna
Trog
Uskayaw
Vehumet
Wu Jian
Xom
Yredelemnul
Zin
The Shining One

Shops:
D:4 *   D:9 *

Annotations:
D:7 1 runed translucent door Gauntlet 13 transporters, exclusion: obsidian statue


Innate Abilities, Weirdness & Mutations

You are agile. (Dex +2)
You are robust. (+10% HP)
You sometimes lose the ability to read scrolls when taking damage.


Message History

The lightning grounds out.
The catoblepas breathes a plume of calcifying dust at you.
The blast of calcifying dust hits you but does no damage.
You cannot read scrolls in your current state!
Unknown command.
You feel much better.
The catoblepas gores you but does no damage.
Casting: Static Discharge (safe; 1% risk of failure)
Confirm with . or Enter, or press ? or * to list all spells.
The catoblepas is struck by an arc of lightning!
The catoblepas is moderately wounded.
You are struck by an arc of lightning.
The catoblepas is struck by an arc of lightning!
The catoblepas is moderately wounded.
You are struck by an arc of lightning.
The lightning grounds out.
The catoblepas breathes a plume of calcifying dust at you.
The blast of calcifying dust hits you.
You are engulfed in calcifying dust.
Casting: Static Discharge (safe; 1% risk of failure)
Confirm with . or Enter, or press ? or * to list all spells.
The catoblepas is struck by an arc of lightning!
The catoblepas is heavily wounded.
The lightning grounds out.
The catoblepas closely misses you.
Casting: Static Discharge (safe; 1% risk of failure)
Confirm with . or Enter, or press ? or * to list all spells.
The catoblepas is struck by an arc of lightning.
The catoblepas is heavily wounded.
You are struck by an arc of lightning.
The catoblepas is struck by an arc of lightning.
The catoblepas is heavily wounded.
The lightning grounds out.
The catoblepas gores you!!
Casting: Static Discharge (safe; 1% risk of failure)
Confirm with . or Enter, or press ? or * to list all spells.
The catoblepas is struck by an arc of lightning!
The catoblepas is severely wounded.
You are struck by an arc of lightning.
* * * LOW HITPOINT WARNING * * *
The lightning grounds out.
The catoblepas gores you!!
You die...
Your body crumbles into a pile of gold.

#################.§###
....©...........#...≈#
....©.........©.#...###
###################..≈#
##y!©..##.#.!©#.$.#..##
##..###.#.#.###.#'#..§#
#.##..#y#.#[#...#§#..##
#.#.©#.##.#.#.###Y#..≈#
##.##.y##.#.#.#.@§#..##
##.#.##y#.#.#.#.###..≈#
#.#.#yy##.#...#..©#..##
#########.#########..≈#
....©.........©......##
.∩..8..∩.............§#
..§.......#§#≈#≈#≈#≈###
#≈#≈#≈#≈#≈###########
###########


You could see a catoblepas.

Vanquished Creatures
  A centaur warrior (D:9)
  A two-headed ogre (D:10)
  A gargoyle (Gauntlet)
  A troll (D:10)
  A shadow (D:8)
  4 yaks (D:10)
  A wyvern (D:9)
  An acid dragon (D:8)
  3 orc warriors
  2 sky beasts
  A black bear (D:6)
  A necrophage (D:7)
  An ice beast (D:5)
  3 ogres
  5 centaurs
  2 phantoms
  A kobold brigand (D:4)
  2 bullfrogs
  2 gnoll sergeants
  A scorpion (D:6)
  A water moccasin skeleton (D:6)
  12 killer bees
  4 wights (D:9)
  A howler monkey (D:7)
  A centaur zombie (D:10)
  A hound (D:6)
  3 orc priests
  3 jellies
  2 bullfrog skeletons (D:6)
  2 centaur skeletons
  Jessica (D:2)
  Ijyb (D:3)
  An iguana (D:5)
  8 orc wizards
  A hound skeleton (D:4)
  A howler monkey skeleton (D:7)
  A howler monkey zombie (D:6)
  Robin (D:2)
  11 gnolls
  8 adders
  2 shadow imps
  An adder zombie (D:5)
  5 worms
  3 dart slugs
  20 orcs
  6 ball pythons
  6 endoplasms
  2 giant cockroaches
  15 goblins
  10 hobgoblins
  10 jackals
  18 kobolds
  5 quokkas
  4 bats
  8 frilled lizards (D:2)
  A quokka skeleton (D:4)
  5 rats
220 creatures vanquished.

Vanquished Creatures (others)
  A wight (D:9)
  27 plants
28 creatures vanquished.

Grand Total: 248 creatures vanquished

Notes
Turn   | Place    | Note
-------+----------+-------------------------------------------
     0 | D:1      | Descartes the Deep Elf Air Elementalist began the quest for
                  | the Orb.
     0 | D:1      | Reached XP level 1. HP: 10/10 MP: 6/6
   312 | D:1      | Reached XP level 2. HP: 15/15 MP: 2/8
   971 | D:1      | Reached skill level 4 in Air Magic
  1067 | D:1      | Reached XP level 3. HP: 19/19 MP: 3/9
  1651 | D:2      | Found a shadowy altar of Dithmenos.
  1704 | D:2      | Noticed Jessica
  1706 | D:2      | Killed Jessica
  1844 | D:2      | Reached skill level 5 in Air Magic
  1844 | D:2      | Reached XP level 4. HP: 24/24 MP: 4/10
  2145 | D:2      | Learned a level 4 spell: Airstrike
  2148 | D:2      | Learned a level 2 spell: Static Discharge
  2409 | D:2      | Reached XP level 5. HP: 28/28 MP: 2/11
  2484 | D:2      | Found a faded altar of an unknown god.
  2649 | D:2      | Noticed Robin
  2933 | D:2      | Reached skill level 6 in Air Magic
  3034 | D:2      | Killed Robin
  3583 | D:3      | Noticed Ijyb
  3595 | D:3      | Killed Ijyb
  3910 | D:3      | Reached XP level 6. HP: 32/32 MP: 10/12
  4327 | D:4      | Reached skill level 7 in Air Magic
  5214 | D:4      | Found Bisuog's General Store.
  5986 | D:5      | Entered Level 5 of the Dungeon
  6026 | D:5      | Reached skill level 8 in Air Magic
  6028 | D:5      | Reached XP level 7. HP: 36/36 MP: 6/13
  6845 | D:5      | Learned a level 3 spell: Swiftness
  6876 | D:5      | Reached skill level 9 in Air Magic
  7115 | D:5      | Found Guden's Weapon Emporium.
  8401 | D:6      | Identified the +7 spear "Isaijaem" {freeze, +Rage rN+
                  | Int+2}
  8466 | D:6      | Reached XP level 8. HP: 37/41 MP: 7/14
  8634 | D:6      | Reached skill level 10 in Air Magic
  9606 | D:7      | Found a runed translucent door.
  9612 | D:7      | Found a staircase to the Ecumenical Temple.
  9621 | Temple   | Entered the Ecumenical Temple
  9799 | D:7      | Noticed a sixfirhy
 10051 | D:7      | Reached skill level 5 in Spellcasting
 10097 | D:7      | Reached skill level 5 in Stealth
 10284 | D:7      | Reached skill level 5 in Dodging
 10313 | D:7      | Reached XP level 9. HP: 45/45 MP: 3/18
 11203 | D:8      | Learned a level 3 spell: Ignite Poison
 12530 | D:9      | Noticed a centaur warrior
 12536 | D:9      | Killed a centaur warrior
 12537 | D:9      | Reached skill level 11 in Air Magic
 12695 | D:9      | Learned a level 6 spell: Conjure Ball Lightning
 12703 | D:9      | Found a staircase to the Lair.
 12809 | D:9      | Reached XP level 10. HP: 49/50 MP: 15/20
 13305 | D:9      | Found Gyjom's General Store.
 13596 | D:9      | Found a staircase to the Orcish Mines.
 13624 | D:9      | Found an opulent altar of Gozag.
 13624 | D:9      | Found an ancient bone altar of Kikubaaqudgha.
 13627 | D:9      | Became a worshipper of Gozag Ym Sagoz the Greedy
 13828 | D:4      | Bought a potion of might for 40 gold pieces
 13828 | D:4      | Bought a scroll of fog for 20 gold pieces
 13828 | D:4      | Bought a scroll of amnesia for 35 gold pieces
 13828 | D:4      | Bought a potion of degeneration for 10 gold pieces
 13828 | D:4      | Bought a potion of lignification for 30 gold pieces
 13828 | D:4      | Bought a potion of heal wounds for 50 gold pieces
 13828 | D:4      | Bought a potion of resistance for 100 gold pieces
 13981 | D:9      | Bought a scroll of identify for 28 gold pieces
 13984 | D:9      | Gained mutation: You are agile. (Dex +2) [potion of
                  | mutation]
 13984 | D:9      | Gained mutation: You sometimes lose the ability to read
                  | scrolls when taking damage. [potion of mutation]
 13984 | D:9      | Gained mutation: You are robust. (+10% HP) [potion of
                  | mutation]
 14014 | D:10     | Entered Level 10 of the Dungeon
 14556 | D:10     | Reached skill level 5 in Conjurations
 14936 | D:10     | Noticed a two-headed ogre
 14947 | D:10     | Killed a two-headed ogre
 15188 | D:11     | Found a gate leading to a gauntlet.
 15203 | Gauntlet | Entered a Gauntlet
 15203 | Gauntlet | Noticed a gargoyle
 15203 | Gauntlet | Noticed a gargoyle
 15203 | Gauntlet | Found a transporter.
 15203 | Gauntlet | Found a transporter.
 15206 | Gauntlet | Noticed a catoblepas
 15206 | Gauntlet | Noticed a gargoyle
 15209 | Gauntlet | Found a transporter.
 15220 | Gauntlet | Found a runed translucent door.
 15223 | Gauntlet | Found a transporter.
 15239 | Gauntlet | Found a transporter.
 15239 | Gauntlet | Found a transporter.
 15241 | Gauntlet | Found a transporter.
 15241 | Gauntlet | Found a transporter.
 15243 | Gauntlet | Found a transporter.
 15243 | Gauntlet | Noticed an obsidian statue
 15246 | Gauntlet | Noticed a cane toad
 15246 | Gauntlet | a komodo dragon changed into a cane toad
 15256 | Gauntlet | Found a transporter.
 15268 | Gauntlet | Noticed a fire crab
 15271 | Gauntlet | Found a transporter.
 15273 | Gauntlet | Noticed a harpy
 15278 | Gauntlet | Noticed a black mamba
 15278 | Gauntlet | Noticed a black mamba
 15279 | Gauntlet | Noticed an elephant
 15281 | Gauntlet | Found a transporter.
 15282 | Gauntlet | Noticed a guardian serpent
 15282 | Gauntlet | an elephant changed into a guardian serpent
 15288 | Gauntlet | Noticed a lindwurm
 15288 | Gauntlet | a guardian serpent changed into a lindwurm
 15291 | Gauntlet | Noticed an elephant
 15291 | Gauntlet | a lindwurm changed into an elephant
 15293 | Gauntlet | a black mamba changed into a raiju
 15299 | Gauntlet | Found a transporter.
 15303 | Gauntlet | Noticed an orb spider
 15303 | Gauntlet | a golden eye changed into an orb spider
 15307 | Gauntlet | an orb spider changed into a jumping spider
 15312 | Gauntlet | Found the +3 Elemental Staff {rElec rF++ rC++ Will++ AC+5}
 15312 | Gauntlet | Noticed a moth of wrath
 15312 | Gauntlet | a jumping spider changed into a moth of wrath
 15313 | Gauntlet | Noticed a shining eye
 15313 | Gauntlet | a moth of wrath changed into a shining eye
 15318 | Gauntlet | Found a transporter.
 15333 | Gauntlet | Noticed a catoblepas
 15413 | Gauntlet | Noticed an orb spider
 15423 | Gauntlet | Noticed a mana viper
 15425 | Gauntlet | Noticed a mana viper
 15425 | Gauntlet | Noticed a moth of wrath
 15425 | Gauntlet | a mana viper changed into a moth of wrath
 15427 | Gauntlet | a moth of wrath changed into a swamp worm
 15430 | Gauntlet | Noticed a mana viper
 15430 | Gauntlet | a swamp worm changed into a mana viper
 15431 | Gauntlet | a mana viper changed into a floating eye
 15434 | Gauntlet | Noticed a boulder beetle
 15434 | Gauntlet | a floating eye changed into a boulder beetle
 15446 | Gauntlet | Noticed a bunyip
 15446 | Gauntlet | a boulder beetle changed into a bunyip
 15450 | Gauntlet | Noticed a boulder beetle
 15450 | Gauntlet | a bunyip changed into a boulder beetle
 15455 | Gauntlet | Noticed a five-headed hydra
 15455 | Gauntlet | a boulder beetle changed into a five-headed hydra
 15522 | Gauntlet | Killed a gargoyle
 15532 | Gauntlet | Slain by a catoblepas

Illustrated notes

Levels and vault maps discovered:
D:1:      nicolae_arrival_memento_mori, layout_loops_corners
D:2:      layout_rooms, ebering_ecumenical_altar_box, basic_altar,
          minmay_lizard_pond, uniq_robin, uniq_jessica
D:3:      minmay_door_path, layout_rooms, uniq_ijyb
D:4:      minmay_general_purpose_star, layout_layer_cave, serial_shops,
          shop_statue, lexackson_kobold_supper
D:5:      layout_loops_corners, serial_shops, shop_statue
D:6:      layout_basic
D:7:      cheibrodos_shockbox, layout_cave_pools, minmay_temple_entry_waves,
          kennysheep_doodads, st_stairs_4, minmay_misc_feat_square
D:8:      layout_loops_ring
D:9:      layout_roguey, gammafunk_temple_overflow_elements, orc_0_dummy,
          serial_shops, shop
D:10:     layout_basic, grunt_ministairs_7, serial_bayou_pond_c
D:11:     layout_gridville, gauntlet_entry_generic, uniq_sonja
Temple:   regret_index_temple_chain_breaker
Gauntlet: gammafunk_gauntlet_mixed_choke_point
          [minmay_gauntlet_arena_77_squiggly, minmay_gauntlet_arena_77_mess,
          minmay_gauntlet_arena_77_path, gammafunk_gauntlet_arena_split_x,
          minmay_gauntlet_arena_77_checkered,
          minmay_gauntlet_arena_77_double_cross,
          minmay_gauntlet_arena_77_tiled_triplets, gauntlet_exit_hidden_loot]

Skill      XL: |  1  2  3  4  5  6  7  8  9 10 |
---------------+-------------------------------+-----
Air Magic      | 4 5 6 8 9 10 11 | 11.6
Dodging        | 5 7 8 |  8.6
Stealth        | 5 7 9 |  9.3
Spellcasting   | 5 6 |  6.0
Conjurations   | 3 5 |  5.7

Action                   |  1- 3 |  4- 6 |  7- 9 | 10-12 || total
-------------------------+-------+-------+-------+-------++-------
Melee: Dagger            |       |    14 |    12 |       ||    26
 Cast: Shock             |    79 |   200 |   239 |    36 ||   554
       Static Discharge  |       |     7 |     7 |    17 ||    31
       Airstrike         |       |     1 |    31 |    34 ||    66
  Use: Potion            |       |       |     4 |     2 ||     6
       Scroll            |       |       |       |     5 ||     5
Armor: Robe              |     8 |    22 |    24 |       ||    54
       Skin              |       |     4 |    11 |       ||    15
       Acid dragon scale |       |       |     3 |     8 ||    11
Dodge: Dodged            |     8 |    28 |    53 |    18 ||   107
